 Dungeon Crawl Stone Soup version 0.25.1-2-g60ff931df9 (webtiles) character file.

Game seed: 11083361573192548654

137 lepoulpe303 the Skirmisher (level 5, -9/47 HPs)
             Began as a Draconian Fighter on Oct 2, 2020.
             Killed from afar by an orc wizard (14 damage)
             ... with a puff of flame
             ... on level 3 of the Dungeon.
             The game lasted 00:04:06 (2346 turns).

lepoulpe303 the Skirmisher (Draconian Fighter)      Turns: 2346, Time: 00:04:07

Health: -9/47      AC:  5    Str: 19    XL:     5   Next: 0%
Magic:  5/5        EV: 10    Int:  9    God:
Gold:   62         SH:  0    Dex: 10    Spells: 4/4 levels left

rFire    . . .     SeeInvis .   a - +0 long sword
rCold    . . .     Gourm    .   b - +0 kite shield
rNeg     . . .     Faith    .   (armour unavailable)
rPois    .         Spirit   .   (helmet restricted)
rElec    .         Reflect  .   (no cloak)
rCorr    .         Harm     .   (no gloves)
MR       .....                  (no boots)
Stlth    +.........             (no amulet)
HPRegen  0.15/turn              (no ring)
MPRegen  0.09/turn              (no ring)

@: confused
A: unfitting armour, cold-blooded, AC +5
a: no special abilities


You were on level 3 of the Dungeon.
You were not hungry.

You visited 1 branch of the dungeon, and saw 3 of its levels.

You collected 62 gold pieces.

Inventory:

Hand Weapons
 a - a +0 long sword (weapon)
Missiles
 l - 5 boomerangs
Armour
 b - a +0 kite shield (worn)
Scrolls
 g - a scroll of teleportation {unknown}
 i - 2 scrolls of identify
 j - 2 scrolls of enchant armour {unknown}
 k - a scroll of remove curse {unknown}
 r - 3 scrolls of random uselessness {unknown}
Potions
 d - a potion of might
 e - a potion of flight {unknown}
 f - 2 potions of mutation {!q}
 h - a potion of brilliance {unknown}
 m - a potion of stabbing {unknown}
 n - a potion of cancellation {unknown}
 p - a potion of resistance {unknown}
 q - 2 potions of curing
Comestibles
 c - 4 rations
 o - a chunk of flesh


   Skills:
 * Level 4.5 Fighting
 * Level 3.4 Long Blades
 + Level 3.1 Dodging
 + Level 3.5 Shields


You had 4 spell levels left.
You didn't know any spells.
Your spell library was empty.

Dungeon Overview and Level Annotations

Branches:
Dungeon (3/15)

Altars:
Makhleb
Qazlal


Innate Abilities, Weirdness & Mutations

Your plain brown scales are hard. (AC +5)
You cannot fit into any form of body armour.
You are cold-blooded and may be slowed by cold attacks.


Message History

* * * LOW HITPOINT WARNING * * *
Something burns you.
* * * LOW HITPOINT WARNING * * *
You take 9 damage, and have 16/47 hp.
You bump into the stone wall.
Something hits you.
* * * LOW HITPOINT WARNING * * *
Something burns you.
* * * LOW HITPOINT WARNING * * *
The dart slug launches a dart at you.
The slug dart hits something.
You take 9 damage, and have 7/47 hp.
Unknown command.
You bump into the stone wall.
Something hits you.
* * * LOW HITPOINT WARNING * * *
Something burns you.
* * * LOW HITPOINT WARNING * * *
You take 2 damage, and have 5/47 hp.
A puff of flame appears from out of thin air!
The puff of flame hits you!
You die...

#.# #.# #.# #.#
#.# #.# #.# #.#
#.# #.##### #'.
#.#
#...(.#####...##
#.#
#.##..@.){w.⌠...
# #.#
#.###.#####$..##
# #.# #.# ###
#'.
#####.#####.#
...)........#
.####.####### .#
#.# .# #.# .#
#.#


You could see a dart slug.

Levels and vault maps discovered:
D:1:      dpeg_arrival_prison, layout_rooms
D:2:      layout_basic, nicolae_qazlal_general_emergency,
          palyth_stone_intersect, nrook_mini_vaults, makhleb_altar_promises_db
D:3:      layout_loops_ring, grunt_temple_overflow_cloverleaf, first_ration,
          uniq_robin

Notes
Turn   | Place    | Note
-------+----------+-------------------------------------------
     0 | D:1      | lepoulpe303 the Draconian Fighter began the quest for the
                  | Orb.
     0 | D:1      | Reached XP level 1. HP: 19/19 MP: 1/1
   132 | D:1      | Identified a +0 club
   149 | D:1      | Reached XP level 2. HP: 22/26 MP: 2/2
   386 | D:1      | Identified a +0 dagger
   409 | D:1      | Identified a +0 club
   412 | D:1      | Reached XP level 3. HP: 32/33 MP: 3/3
   506 | D:1      | Identified a +0 club
   586 | D:1      | Identified a +0 whip
   842 | D:2      | Identified a +0 long sword
   846 | D:2      | Identified a +0 dagger
   865 | D:2      | Reached skill level 4 in Fighting
   865 | D:2      | Reached skill level 3 in Dodging
   904 | D:2      | Identified a +0 club
   940 | D:2      | Identified a +0 club
   950 | D:2      | Found a stormy altar of Qazlal.
   954 | D:2      | Reached skill level 3 in Long Blades
   957 | D:2      | Identified a +0 club
  1185 | D:2      | Reached XP level 4. HP: 40/40 MP: 4/4
  1374 | D:2      | Identified a +0 club
  1423 | D:2      | Identified a +0 club
  1424 | D:2      | Identified a +0 dagger
  1436 | D:2      | Found a burning altar of Makhleb.
  1563 | D:2      | Noticed a cacodemon
  1566 | D:2      | Noticed a smoke demon
  1566 | D:2      | Noticed a smoke demon
  1756 | D:2      | Identified 4 scrolls of identify
  1756 | D:2      | Identified 2 potions of curing
  1757 | D:2      | Identified a potion of mutation
  1806 | D:3      | Identified a +0 leather armour
  1806 | D:3      | Identified a +0 whip
  1806 | D:3      | Identified a +0 ring mail
  1806 | D:3      | Identified a +0 hand axe
  2080 | D:3      | Identified a +0 mace
  2171 | D:3      | Identified a +0 club
  2252 | D:3      | Identified a +0 club
  2328 | D:3      | Identified a +0 flail
  2331 | D:3      | Identified a +0 trident of flaming
  2331 | D:3      | Identified a +0 robe
  2339 | D:3      | Reached XP level 5. HP: 34/47 MP: 5/5
  2344 | D:3      | HP: 10/47 [something (6)]
  2346 | D:3      | Killed from afar by an orc wizard

Table legend:
 A = Turns spent in this place as a percentage of turns spent in the entire game.
 B = Non-inter-level travel turns spent in this place as a percentage of non-inter-level travel turns spent in the entire game.
 C = Inter-level travel turns spent in this place as a percentage of turns spent in this place.
 D = Turns resting spent in this place as a percentage of non-inter-level travel turns spent in this place.
 E = Turns spent auto-exploring this place as a percentage of non-inter-level travel turns spent in this place.
 F = Non-inter-level travel turns spent in this place divided by the number of levels of this place that you've seen.
                   A       B       C       D       E      F
               +-------+-------+-------+-------+-------+----------------------
         Total | 100.0 | 100.0 |   1.7 |   6.0 |  74.7 | 769.0
       Dungeon | 100.0 | 100.0 |   1.7 |   6.0 |  74.7 | 769.0
               +-------+-------+-------+-------+-------+----------------------

Table legend:
 A = Kills in this place as a percentage of kills in entire the game.
 B = Kills by you in this place as a percentage of kills by you in the entire game.
 C = Kills by friends in this place as a percentage of kills by friends in the entire game.
 D = Other kills in this place as a percentage of other kills in the entire game.
 E = Experience gained in this place as a percentage of experience gained in the entire game.
 F = Experience gained in this place divided by the number of levels of this place that you have seen.
                   A       B       C       D       E      F
               +-------+-------+-------+-------+-------+----------------------
         Total | 100.0 | 100.0 |   N/A |   N/A | 100.0 |  65.7
       Dungeon | 100.0 | 100.0 |   N/A |   N/A | 100.0 |  65.7
               +-------+-------+-------+-------+-------+----------------------

Skill      XL: |  1  2  3 |
---------------+----------+-----
Fighting       | 4 |  4.5
Dodging        | 3 |  3.1
Long Blades    | 3 |  3.4
Shields        | |  3.5

Action                   |  1- 3 |  4- 6 || total
-------------------------+-------+-------++-------
Melee: Long sword        |   133 |    62 ||   195
       Tailslap          |     8 |     7 ||    15
Throw: Boomerang         |     8 |     1 ||     9
  Use: Scroll            |       |     2 ||     2
 Stab: Sleeping          |     2 |       ||     2
  Eat: Chunk             |     1 |     4 ||     5
Armor: Skin              |    49 |    11 ||    60
Dodge: Dodged            |    62 |    21 ||    83
Block: Kite shield       |    79 |    26 ||   105
       Rpst.: Long sword |    15 |    13 ||    28

Vanquished Creatures
  An orc priest (D:3)
  2 adders
  An ooze (D:2)
  2 worms (D:2)
  2 dart slugs (D:1)
  2 leopard geckos (D:1)
  3 orcs (D:3)
  2 ball pythons (D:2)
  4 giant cockroaches
  7 goblins
  9 hobgoblins
  9 jackals
  6 bats
  2 frilled lizards (D:2)
  8 kobolds
  6 rats
66 creatures vanquished.
